 Dungeon Crawl Stone Soup version 0.26.1-2-gb8aa6d0cf2 (webtiles) character file.

Game seed: 789836573646908788

3252 DearestLeader the Covert (level 9, -1/39 HPs)
             Began as a Spriggan Enchanter on Mar 19, 2021.
             Was a High Priest of Dithmenos.
             Shot with an arrow by a centaur (12 damage)
             ... on level 8 of the Dungeon.
             The game lasted 00:30:59 (12088 turns).

DearestLeader the Covert (Spriggan Enchanter)      Turns: 12088, Time: 00:30:59

Health: -1/39      AC:  3    Str:  4    XL:     9   Next: 67%
Magic:  12/14      EV: 19    Int: 20    God:    Dithmenos [*****.]
Gold:   496        SH:  0    Dex: 22    Spells: 5/14 levels left

rFire    . . .     SeeInvis +   J - +0 dagger (venom)
rCold    . . .     Faith    .   (shield restricted)
rNeg     . . .     Spirit   .   b - +0 robe
rPois    .         Reflect  .   (helmet restricted)
rElec    .         Harm     .   L - +0 cloak
rCorr    .         Rampage  .   (gloves unavailable)
Will     +....                  (boots unavailable)
Stlth    ++++++++++             a - amulet of regeneration
HPRegen  0.53/turn              K - +6 ring of dexterity
MPRegen  0.14/turn              G - ring of stealth

@: wreathed by umbra, very quick
A: very small, unfitting armour, see invisible, speed 3
a: Renounce Religion, Shadow Step, Shadow Form


You were on level 8 of the Dungeon.
You worshipped Dithmenos.
Dithmenos was extremely pleased with you.
You visited 1 branch of the dungeon, and saw 8 of its levels.
You also visited: Sewer.

You collected 496 gold pieces.

Inventory:

Hand Weapons
 c - a +0 short sword of speed
 q - a +0 hunting sling
 u - a +0 dagger of flaming
 J - a +0 dagger of venom (weapon)
Missiles
 r - 20 sling bullets
 D - 8 poisoned darts
 F - 8 atropa-tipped darts (quivered)
Armour
 b - a +0 robe (worn)
 t - a +0 buckler
 L - a +0 cloak (worn)
Jewellery
 a - an amulet of regeneration (around neck)
 o - an uncursed ring of poison resistance
 v - an uncursed ring of positive energy
 G - a ring of stealth (right hand)
 H - an uncursed ring of protection from cold
 K - a +6 ring of dexterity (left hand)
Scrolls
 e - 4 scrolls of amnesia
 f - 3 scrolls of fear {unknown}
 i - 3 scrolls of remove curse
 j - a scroll of enchant weapon {unknown}
 l - a scroll of random uselessness {unknown}
 n - 2 scrolls of noise
 x - 5 scrolls of identify
 y - a scroll of enchant armour {unknown}
 E - 2 scrolls of teleportation {unknown}
 I - a scroll of vulnerability {unknown}
Potions
 d - 2 potions of mutation {unknown}
 g - 9 potions of curing
 h - a potion of berserk rage {unknown}
 k - 7 potions of heal wounds {unknown}
 m - a potion of attraction {unknown}
 p - a potion of haste {unknown}
 s - 2 potions of degeneration {unknown}
 w - 2 potions of brilliance {unknown}
 z - 2 potions of might {unknown}
 A - a potion of flight {unknown}
 B - a potion of resistance {unknown}
 C - a potion of lignification {unknown}


   Skills:
 * Level 10.9 Short Blades
 - Level 3.0 Dodging
 + Level 11.5 Stealth
 - Level 3.0 Spellcasting
 + Level 8.0 Hexes


You had 5 spell levels left.
You knew the following spells:

 Your Spells              Type           Power        Failure   Level
a - Corona                Hex            38%          1%          1
b - Ensorcelled Hibernat  Hex/Ice        38%          4%          2
c - Confusing Touch       Hex            35%          1%          3
d - Dazzling Flash        Conj/Hex       38%          9%          3

Your spell library contained the following spells:

 Spells                   Type           Power        Failure   Level
 Tukima's Dance           Hex            35%          1%          3
 Animate Skeleton         Necr           6%           14%         1
 Beastly Appendage        Tmut           6%           14%         1
 Pain                     Necr           12%          14%         1
 Wereblood                Tmut           3%           22%         2
 Spider Form              Tmut/Pois      1%           38%         3
 Vampiric Draining        Necr           1%           38%         3
 Animate Dead             Necr           1%           80%         4
 Ice Form                 Ice/Tmut       3%           80%         4
 Agony                    Necr           3%           98%         5
 Blade Hands              Tmut           1%           98%         5


Dungeon Overview and Level Annotations

Branches:
Dungeon (8/15)             Temple (0/1) D:7           Sewer (visited)
   Lair: D:8-11

Altars:
Cheibriados
Dithmenos
Hepliaklqana
Okawaru
Qazlal
Ru
Trog
Uskayaw
Xom
Yredelemnul

Shops:
D:5 :

Annotations:
D:8 Maggie


Innate Abilities, Weirdness & Mutations

You are very small and have problems with some larger weapons.
You are too small for most types of armour.
You have supernaturally acute eyesight. (SInv)
You cover ground extremely quickly.


Message History

The centaur wields a +0 shortbow.
The centaur shoots an arrow.
The arrow completely misses you.
The centaur shoots an arrow.
The arrow misses you.
You hear a shout!
A centaur and Maggie come into view.
Maggie is wielding a +1 halberd of flaming and carrying a wand of digging (3).
Casting: Ensorcelled Hibernation (safe; 4% risk of failure)
Confirm with . or Enter, or press ? or * to list all spells.
Aiming: Ensorcelled Hibernation (safe; 4% risk of failure)
Press: ? - help, Shift-Dir - straight line, f - centaur
Aim: a centaur, wielding a +0 shortbow and quivering 15 arrows (umbra, chance to affect: 50%)
The centaur resists with some effort.
The centaur wields a +0 shortbow.
The centaur shoots an arrow.
The arrow hits you!
The centaur shoots an arrow.
The arrow misses you.
The centaur shoots an arrow.
The arrow hits you!
* * * LOW HITPOINT WARNING * * *
Maggie casts a spell.
Maggie attempts to bespell you! You resist with almost no effort.
The centaur shoots an arrow.
The arrow hits you!
You die...

#.#..# ..#
#....##.c###
.......... #..
#.......## #...
#........# ..#
#..$##..c...@.. ....
#......#..##..# #..#
.......@(.##..# #..#
.....<.#..##..####..#
##..............<#..#
#.....(......##.#..#
#######.####.#.....#
#(.......#...#
#.####.#.....# #.#
#.##.#..# ..#
#.##.#..#


You could see Maggie and 2 centaurs.

Vanquished Creatures
  A hornet (D:7)
  An orc warrior (D:7)
  A black bear (D:6)
  2 ice beasts
  A sky beast (D:7)
  2 ogres
  2 centaurs
  8 big kobolds
  2 bullfrogs (D:6)
  5 scorpions
  4 howler monkeys
  A bullfrog zombie (D:6)
  4 hounds
  4 orc priests
  4 orc wizards
  3 bullfrog skeletons
  An iguana (D:7)
  Natasha (thrice) (D:4)
  4 worker ants
  3 hound skeletons
  A howler monkey skeleton (D:7)
  7 gnolls
  8 adders
  7 river rats
  2 shadow imps
  A white imp (D:5)
  An ooze (D:5)
  2 adder skeletons
  7 worms
  2 dart slugs (D:1)
  7 leopard geckos
  18 orcs
  10 bats
  5 giant cockroaches
  32 hobgoblins
  4 jackals (D:3)
  5 quokkas
  11 ball pythons
  9 frilled lizards
  A giant cockroach zombie (D:3)
  2 gnoll zombies (D:6)
  39 goblins
  25 kobolds
  27 rats
289 creatures vanquished.

Notes
Turn   | Place    | Note
-------+----------+-------------------------------------------
     0 | D:1      | DearestLeader the Spriggan Enchanter began the quest for
                  | the Orb.
     0 | D:1      | Reached XP level 1. HP: 9/9 MP: 5/5
   179 | D:1      | Reached XP level 2. HP: 13/13 MP: 6/6
   287 | D:1      | Learned a level 2 spell: Ensorcelled Hibernation
   695 | D:1      | Reached skill level 5 in Stealth
   881 | D:1      | Reached XP level 3. HP: 16/16 MP: 4/8
  1206 | D:1      | Learned a level 3 spell: Confusing Touch
  1464 | D:2      | Reached XP level 4. HP: 21/21 MP: 9/9
  1940 | D:2      | Reached skill level 6 in Stealth
  1940 | D:2      | Reached XP level 5. HP: 24/24 MP: 10/10
  2176 | D:2      | Found a shadowy altar of Dithmenos.
  2182 | D:2      | Became a worshipper of Dithmenos the Shadowed
  2309 | D:3      | Found a hazy altar of Hepliaklqana.
  3225 | D:3      | Found a bloodstained altar of Trog.
  3278 | D:3      | Reached * piety under Dithmenos
  3837 | D:3      | Reached skill level 5 in Short Blades
  4379 | D:3      | Reached XP level 6. HP: 20/28 MP: 11/11
  4544 | D:3      | Reached skill level 7 in Stealth
  4608 | D:3      | Reached ** piety under Dithmenos
  5150 | D:3      | Reached XP level 7. HP: 23/32 MP: 1/12
  6127 | D:4      | Reached skill level 8 in Stealth
  6135 | D:4      | Learned a level 3 spell: Dazzling Flash
  6847 | D:3      | Reached *** piety under Dithmenos
  7503 | D:4      | Noticed Natasha
  7510 | D:4      | Killed Natasha
  7553 | D:4      | Reached skill level 5 in Hexes
  7612 | D:4      | Noticed Natasha
  7721 | D:4      | Killed Natasha
  7726 | D:4      | Noticed Natasha
  7731 | D:4      | Killed Natasha
  7732 | D:4      | Reached XP level 8. HP: 34/36 MP: 7/13
  7872 | D:4      | Found a snail-covered altar of Cheibriados.
  7954 | D:5      | Entered Level 5 of the Dungeon
  7996 | D:5      | Found a shimmering altar of Xom.
  8004 | D:5      | Reached skill level 9 in Stealth
  8553 | D:5      | Found a stormy altar of Qazlal.
  8560 | D:5      | Noticed an air elemental
  8687 | D:5      | Found Coocwo's Book Emporium.
  8780 | D:5      | Found an iron altar of Okawaru.
  9179 | D:6      | Found a glowing drain.
  9380 | Sewer    | Entered a sewer
  9697 | Sewer    | Reached **** piety under Dithmenos
 10587 | D:6      | Reached skill level 10 in Stealth
 10603 | D:6      | Found a basalt altar of Yredelemnul.
 10776 | D:6      | Reached XP level 9. HP: 39/39 MP: 11/14
 11154 | D:7      | Found a hide-covered altar of Uskayaw.
 11170 | D:7      | Reached skill level 10 in Short Blades
 11297 | D:7      | Reached skill level 11 in Stealth
 11413 | D:7      | Reached ***** piety under Dithmenos
 11666 | D:7      | Found a staircase to the Ecumenical Temple.
 11930 | D:7      | Found a sacrificial altar of Ru.
 12086 | D:8      | Noticed Maggie
 12088 | D:8      | Shot with an arrow by a centaur

Illustrated notes

Levels and vault maps discovered:
D:1:      heliophobic_arrival_henge, layout_loops_ring
D:2:      layout_basic, marbit_many_paths, minmay_misc_feat_x
D:3:      minmay_goblin_kobold_castle, layout_loops_ring,
          overflow_temple_1_default, nzn_hepliaklqana_mist_gate
D:4:      layout_rooms, lemuel_round_altar, uniq_natasha
D:5:      layout_cave_pods, lemuel_crystal_altar,
          nicolae_overflow_hidden_temple, nicolae_qazlal_style_of_elements,
          serial_shops, kennysheep_little_box
D:6:      minmay_chambers_of_sixes, layout_gridville,
          lemuel_zombie_altar_yredelemnul, portal_sewer_entry_b
D:7:      layout_rooms, lemuel_doored_altar, lemuel_round_altar,
          minmay_temple_entry_tees
D:8:      gammafunk_corrupted_shrine, layout_loops_ring,
          nicolae_overflow_crystal_walls, nrook_mini_vaults, elyvilon_altar_4,
          uniq_maggie, uniq_grum

Skill      XL: |  1  2  3  4  5  6  7  8  9 |
---------------+----------------------------+-----
Short Blades   | 2 3 4 5 6 7 9 10 | 10.9
Hexes          | 4 5 6 8 |  8.0
Stealth        | 5 6 7 8 10 11 | 11.5
Spellcasting   | 3 |  3.0
Dodging        | |  3.0

Action                   |  1- 3 |  4- 6 |  7- 9 || total
-------------------------+-------+-------+-------++-------
Melee: Short sword       |   126 |   331 |    99 ||   556
       Dagger            |     2 |       |   452 ||   454
 Fire: Hunting sling     |       |       |     6 ||     6
 Cast: Ensorcelled Hiber |     9 |    82 |   137 ||   228
       Corona            |     2 |     4 |     3 ||     9
       Confusing Touch   |       |       |    11 ||    11
       Dazzling Flash    |       |       |     2 ||     2
  Use: Scroll            |       |       |     7 ||     7
 Stab: Sleeping          |    16 |    49 |    96 ||   161
       Distracted        |       |     1 |     2 ||     3
       Confused          |       |       |    10 ||    10
       Invisible         |       |       |     2 ||     2
Armor: Robe              |    16 |    14 |    36 ||    66
Dodge: Dodged            |    96 |   189 |   427 ||   712
